 Dungeon Crawl Stone Soup version 0.22-a0-246-gdc04c06 (webtiles) character file.

40 varam the Sneak (level 3, -16/21 HPs)
             Began as an Octopode Fire Elementalist on Feb 22, 2018.
             Blown up by Ijyb (17 damage)
             ... with a wand of disintegration (9)
             ... on level 3 of the Dungeon.
             The game lasted 00:06:09 (1434 turns).

varam the Sneak (Octopode Fire Elementalist)        Turns: 1434, Time: 00:06:09

Health: -16/21     AC:  1    Str:  7    XL:     3   Next: 50%
Magic:  6/6        EV: 13    Int: 18    God:
Gold:   77         SH:  0    Dex: 12    Spells: 3/6 levels left

rFire    . . .     SeeInvis .   c - +0 spear
rCold    . . .     Gourm    .   (no shield)
rNeg     . . .     Faith    .   (helmet restricted)
rPois    .         Spirit   .   (no amulet)
rElec    .         Reflect  .   (no ring)
rCorr    .         Harm     .   (no ring)
MR       .....                  (no ring)
Stlth    +++.......             (no ring)
HPRegen  0.07/turn              (no ring)
MPRegen  0.10/turn              (no ring)
                                (no ring)
                                (no ring)

@: no status effects
A: almost no armour, stealthy swim, amphibious, 8 rings, constrict 8, camouflage
1, gelatinous body 1
a: no special abilities


You were on level 3 of the Dungeon.
You were not hungry.

You visited 1 branch of the dungeon, and saw 3 of its levels.

You collected 77 gold pieces.

Inventory:

Hand Weapons
 c - a +0 spear (weapon)
Scrolls
 b - a scroll of enchant armour {unknown}
 e - a scroll of identify {unknown}
 f - a scroll of teleportation {unknown}
 g - 2 scrolls of remove curse {unknown}
 h - a scroll of enchant weapon {unknown}
Potions
 d - a potion of curing {unknown}
 j - a potion of lignification {unknown}
Comestibles
 a - 5 rations
 i - a chunk of flesh


   Skills:
 - Level 2.0 Dodging
 + Level 3.5 Stealth
 - Level 2.0 Spellcasting
 * Level 2.3 Conjurations
 + Level 3.3 Fire Magic


You had 3 spell levels left.
You knew the following spells:

 Your Spells              Type           Power        Failure   Level  Hunger
a - Flame Tongue          Conj/Fire      ##...        5%          1    #......
b - Throw Flame           Conj/Fire      ##....       9%          2    ###....


Dungeon Overview and Level Annotations

Branches:
Dungeon (3/15)

Altars:

Annotations:
D:2 Terence
D:3 Ijyb


Innate Abilities, Weirdness & Mutations

You cannot wear most types of armour.
You are very stealthy in the water. (Stealth+)
You are amphibious.
You can wear up to eight rings at the same time.
You can use your tentacles to constrict eight enemies at once.
Your skin changes colour to match your surroundings (Stealth+).
Your rubbery body absorbs attacks. (AC +1, EV +1)


Message History

Found 7 gold pieces.
Unknown command.
Memorise Conjure Flame, consuming 3 spell levels and leaving 0?
You start memorising the spell.
You continue memorising. x2
Terence hits you with a mace.
Your memorisation is interrupted.
Terence says, "Did you write a will?
You should..."
Terence hits you with a mace.
There is a stone staircase leading down here.
You climb downwards.
Level annotation: Ijyb The orc barely misses you.
Ijyb closely misses you. The orc hits you with a hand axe!
* * * LOW HITPOINT WARNING * * *
Ijyb hits you with a dagger.
* * * LOW HITPOINT WARNING * * *
There is a stone staircase leading up here.
The orc closely misses you.
Ijyb zaps a wand.
You are blasted!
Ouch! That really hurt!
You die...

####### #.....#
#.....## #.......
#####.....#.#
.......g###.#####
#########....<@......#
#.....(.....#.o.[.##..
#.............>.......
#..................#..
#...........?........#
#..................###
#................#...
.......#.......(####.
.#.#.#.....####...


You could see Ijyb and an orc.

Vanquished Creatures
  An adder (D:2)
  A leopard gecko (D:1)
  3 giant cockroaches
  5 goblins
  5 hobgoblins
  3 bats (D:1)
  4 frilled lizards
  3 kobolds (D:1)
  4 rats
29 creatures vanquished.

Notes
Turn   | Place    | Note
-------+----------+-------------------------------------------
     0 | D:1      | varam the Octopode Fire Elementalist began the quest for the Orb.
     0 | D:1      | Reached XP level 1. HP: 11/11 MP: 3/3
     2 | D:1      | Noticed a tengu
     2 | D:1      | Noticed an ogre
     4 | D:1      | Noticed a minotaur
     4 | D:1      | Noticed an elf
     6 | D:1      | Noticed a human
     8 | D:1      | Noticed a felid
    10 | D:1      | Noticed a demigod
    12 | D:1      | Noticed a halfling
    12 | D:1      | Noticed a centaur
    14 | D:1      | Noticed an octopode
    14 | D:1      | Noticed a gargoyle
    16 | D:1      | Noticed a merfolk
    18 | D:1      | Noticed a vine stalker
    18 | D:1      | Noticed a spriggan
    20 | D:1      | Noticed a demonspawn
    20 | D:1      | Noticed a naga
    22 | D:1      | Noticed a draconian
    22 | D:1      | Noticed a troll
    24 | D:1      | Noticed a dwarf
    24 | D:1      | Noticed a ghoul
    26 | D:1      | Noticed a vampire
    26 | D:1      | Noticed a formicid
   105 | D:1      | Reached skill level 3 in Stealth
   105 | D:1      | Reached XP level 2. HP: 9/17 MP: 0/5
   387 | D:1      | Reached skill level 2 in Conjurations
  1054 | D:2      | Reached XP level 3. HP: 14/21 MP: 6/6
  1066 | D:2      | Learned a level 2 spell: Throw Flame
  1249 | D:2      | Noticed Terence
  1335 | D:3      | Noticed Ijyb
  1433 | D:3      | HP: 2/21 [orc/hand axe (8)]
  1434 | D:3      | Blown up by Ijyb

Vault maps used:
D:1:      kb_arrival_jail, minmay_tromino_i2
D:2:      old_standard_altar, minmay_stone_trees_small, uniq_sigmund,
          uniq_terence
D:3:      first_ration, minmay_misc_feat_diagonals, okawaru_altar_gauntlet_db,
          uniq_ijyb, uniq_natasha

Skill      XL: |  1  2 |
---------------+-------+-----
Stealth        | 3 |  3.5
Conjurations   | 2 |  2.3
Dodging        | |  2.0
Spellcasting   | |  2.0
Fire Magic     | |  3.3

Action                   || total
-------------------------++-------
Melee: Spear             ||    57
       Constrict         ||    11
       Tentacles         ||     7
 Cast: Flame Tongue      ||     8
       Throw Flame       ||     6
 Stab: Sleeping          ||     5
  Eat: Chunk             ||     2
Armor: Skin              ||     1
Dodge: Dodged            ||    41

Table legend:
 A = Spawn XP
 B = Non-spawn XP
 C = Spawn XP percentage of total XP
 D = Spawn monster count
 E = Non-spawn monster count
 F = Spawn count percentage of total count
 G = Total turns spent on level
                    A         B        C        D         E        F      G
               +---------+---------+-------+---------+---------+-------+---------
         Total |       0 |      58 |   0.0 |       0 |      29 |   0.0 |  1434
               +---------+---------+-------+---------+---------+-------+---------
           D:1 |       0 |      33 |   0.0 |       0 |      20 |   0.0 |  1072
           D:2 |       0 |      23 |   0.0 |       0 |       7 |   0.0 |   331
           D:3 |       0 |       2 |   0.0 |       0 |       2 |   0.0 |    31
               +---------+---------+-------+---------+---------+-------+---------
